 Dungeon Crawl Stone Soup version 0.29.0-11-gd7f09526c8 (webtiles) character file.

Game seed: 2818434175925677566

13 Flippered the Sneak (level 2, 0/24 HPs)
             Began as a Demonspawn Delver on Sept 6, 2022.
             Slain by a centaur zombie (1 damage)
             ... in an ossuary.
             The game lasted 00:00:42 (262 turns).

Flippered the Sneak (Demonspawn Delver)              Turns: 262, Time: 00:00:42

Health: 0/24       AC:  3    Str: 12    XL:     2   Next: 24%
Magic:  2/2        EV: 11    Int: 11    God:
Gold:   0          SH:  0    Dex: 14    Spells: 1/1 levels left

rFire   . . .      SeeInvis .   a - +0 falchion
rCold   . . .      Faith    .   (no shield)
rNeg    . . .      Spirit   .   b - +0 leather armour
rPois   .          Reflect  .   (no helmet)
rElec   .          Harm     .   (no cloak)
rCorr   .          Rampage  .   (no gloves)
Will    .....                   (no boots)
Stlth   ++........              (no amulet)
HPRegen 0.08/turn               (no ring)
MPRegen 0.08/turn               (no ring)

@: no status effects
A: claws 1
a: no special abilities


You were in an ossuary.
You visited 1 branch of the dungeon, and saw 1 of its levels.
You also visited: Ossuary.

Inventory:

Hand Weapons
 a - a +0 falchion (weapon)
Armour
 b - a +0 leather armour (worn)
Wands
 g - a wand of digging (3)
Scrolls
 c - a scroll of fog
 e - a scroll of fear
Potions
 f - a potion of haste


   Skills:
 + Level 3.2 Fighting
 * Level 2.4 Long Blades
 - Level 1.7 Dodging
 - Level 4.5 Stealth


You had one spell level left.
You didn't know any spells.
Your spell library was empty.

Dungeon Overview and Level Annotations

Branches:
Dungeon (5/15)            Ossuary (1/1)
 Temple: D:4-7

Altars:


Innate Abilities, Weirdness & Mutations

You have sharp fingernails.


Message History

You enter an ossuary!
Found a gate leading back out of this place.
There is an empty arch of ancient stone here.
A centaur zombie and a hobgoblin zombie come into view.
A centaur zombie comes into view.
You barely miss the hobgoblin zombie. The centaur zombie misses you.
The centaur zombie barely misses you. The centaur zombie hits you.
The centaur zombie kicks you. The hobgoblin zombie hits you.
The centaur zombie fails to trigger a net trap.
You hit the hobgoblin zombie.
The hobgoblin zombie is lightly damaged.
The centaur zombie closely misses you.
The centaur zombie completely misses you.
The centaur zombie hits you.
The centaur zombie kicks you but does no damage.
The hobgoblin zombie misses you.
You hit the hobgoblin zombie.
The hobgoblin zombie is moderately damaged.
The centaur zombie hits you but does no damage.
The centaur zombie kicks you but does no damage.
The centaur zombie barely misses you. The centaur zombie kicks you.
* * * LOW HITPOINT WARNING * * *
The centaur zombie hits you.
* * * LOW HITPOINT WARNING * * *
The centaur zombie closely misses you. x2
The centaur zombie kicks you but does no damage.
The hobgoblin zombie hits you.
* * * LOW HITPOINT WARNING * * *
You hit the hobgoblin zombie. You claw the hobgoblin zombie.
You destroy the hobgoblin zombie!
The centaur zombie misses you.
The centaur zombie kicks you but does no damage.
The centaur zombie hits you but does no damage.
The centaur zombie closely misses you.
Unknown command.
You can't see any enemies this would affect, really read the scroll of fear?
Okay, then.
Okay, then.
The centaur zombie hits you.
You die...

##^.^..#
Z^.....
##.^.^.##
#.^..^.Z
##.....##
#.......#
#.....#
#^.Z@^#
#..Z..#
#..∩..#
#.....#
#..∩..#
#.M.M.#
#.....#
#.....#
#.....#


You could see 2 mummies, a hobgoblin zombie (dormant) and 3 centaur zombies.

Vanquished Creatures
  A mummy (D:5)
  A hobgoblin zombie (Ossuary)
2 creatures vanquished.

Notes
Turn   | Place    | Note
-------+----------+-------------------------------------------
     0 | D:5      | Flippered the Demonspawn Delver began the quest for the
                  | Orb.
     0 | D:5      | Reached XP level 1. HP: 18/18 MP: 1/1
    24 | D:5      | Found a sand-covered staircase.
    39 | D:5      | Discovered your monstrous ancestry.
    39 | D:5      | Gained mutation: You have sharp fingernails. [demonic
                  | ancestry]
    39 | D:5      | Reached XP level 2. HP: 1/24 MP: 2/2
   254 | Ossuary  | Entered an ossuary
   260 | Ossuary  | HP: 1/24 [hobgoblin zombie (3)]
   262 | Ossuary  | Slain by a centaur zombie

Illustrated notes

Levels and vault maps discovered:
D:5:      layout_loops_ring, gup_ossuary_entry_pyramid
Ossuary:  ossuary_the_hunt_dpeg

Skill      XL: |  1 |
---------------+----+-----
Long Blades    | 2 |  2.4
Fighting       | |  3.2
Dodging        | |  1.7
Stealth        | |  4.5

Action                   || total
-------------------------++-------
Melee: Falchion          ||    15
       Punch             ||     1
  Use: Scroll            ||     1
 Stab: Sleeping          ||     1
Armor: Leather armour    ||     6
Dodge: Dodged            ||    15
